 Dungeon Crawl Stone Soup version 0.32-a0-361-g289a535e89 (webtiles) character file.

Game seed: 4222871489050364218

730 pokeman the Thaumaturge (level 7, 0/40 HPs)
             Began as a Deep Elf Hedge Wizard on Feb 18, 2024.
             Was an Initiate of Vehumet.
             Slain by a goblin
             ... wielding a +0 club
              (4 damage)
             ... on level 5 of the Dungeon.
             The game lasted 00:06:21 (4343 turns).

pokeman the Thaumaturge (Deep Elf Hedge Wizard)     Turns: 4343, Time: 00:06:21

Health: 0/40       AC:  4    Str:  7    XL:     7   Next: 44%
Magic:  7/20       EV: 13    Int: 21    God:    Vehumet [......]
Gold:   208        SH:  0    Dex: 14    Spells: 14/22 levels left

rFire   . . .        j - +2 dagger (venom)
rCold   . . .        (no shield)
rNeg    . . .        b - +0 robe
rPois   +            r - +0 helmet
rElec   .            (no cloak)
rCorr   .            p - +0 pair of gloves
SInv    +            (no boots)
Will    .....        (no amulet)
Stlth   ++           i - ring of see invisible
HPRegen 0.26/turn    w - ring of poison resistance
MPRegen 0.17/turn

%: no passive effects
@: no status effects
A: no striking features
a: Renounce Religion


You were on level 5 of the Dungeon.
You worshipped Vehumet.
Vehumet was noncommittal.
You visited 2 branches of the dungeon, and saw 6 of its levels.

You collected 208 gold pieces.

Inventory:

Hand Weapons
 j - a +2 dagger of venom (weapon)
Armour
 b - a +0 robe (worn)
 p - a +0 pair of gloves (worn)
 r - a +0 helmet (worn)
Magical Staves
 e - a staff of conjuration
Jewellery
 i - a ring of see invisible (left hand)
 n - a ring of resist corrosion
 q - a ring of ice
 w - a ring of poison resistance (right hand)
Scrolls
 g - 3 scrolls of identify {unknown}
 h - a scroll of fear {unknown}
 m - 2 scrolls of silence {unknown}
 s - a scroll of noise {unknown}
 t - a scroll of blinking {unknown}
 u - a scroll of immolation {unknown}
 v - a scroll of teleportation {unknown}
 x - a scroll of enchant armour {unknown}
Potions
 a - a potion of attraction {unknown}
 c - 2 potions of enlightenment {unknown}
 d - a potion of magic
 f - 3 potions of curing {unknown}
 k - a potion of berserk rage {unknown}
 l - 2 potions of haste {unknown}
 o - a potion of heal wounds {unknown}


   Skills:
 - Level 2.0 Fighting
 + Level 1.9 Armour
 - Level 3.0 Dodging
 - Level 3.0 Stealth
 * Level 8.3 Spellcasting
 + Level 4.2 Conjurations
 - Level 1.1 Summonings
 - Level 1.1 Translocations
 - Level 1.0 Air Magic
 - Level 1.0 Alchemy
 - Level 1.0 Evocations


You had 14 spell levels left.
You knew the following spells:

 Your Spells              Type           Power      Damage    Failure   Level
a - Magic Dart            Conj           100%       1d8       1%          1
b - Mephitic Cloud        Conj/Alch/Air  17%        N/A       10%         3
c - Call Imp              Summ           26%        N/A       8%          2
d - Blink                 Tloc           26%        N/A       8%          2

Your spell library contained the following spells:

 Spells                   Type           Power      Damage    Failure   Level
 Momentum Strike          Conj/Tloc      38%        3d9       3%          2
 Necrotise                Necr           32%        1d5       8%          1
 Slow                     Hex            32%        N/A       8%          1
 Lesser Beckoning         Tloc           26%        N/A       8%          2
 Cigotuvi's Dreadful Rot  Necr/Alch/Air  22%        N/A       9%          2
 Vampiric Draining        Necr           8%         2d6       22%         3
 Martyr's Knell           Necr/Summ      11%        N/A       52%         4
 Curse of Agony           Necr           8%         N/A       91%         5


Dungeon Overview and Level Annotations

Branches:
Dungeon (5/15)             Temple (1/1) D:5

Altars:
Ashenzari
Cheibriados
Elyvilon
Fedhas
Gozag
Hepliaklqana
Kikubaaqudgha
Makhleb
Nemelex Xobeh
Okawaru
Qazlal
Ru
Sif Muna
Trog
Uskayaw
Vehumet
Wu Jian
Xom
Zin
The Shining One


Message History

Aiming: Magic Dart (safe; 1% risk of failure)
Press: ? - help, Shift-Dir - straight line, f/p - scorpion
Aim: a scorpion (confused, 100% to hit)
The magic dart hits the scorpion.
The scorpion is moderately wounded.
You feel sick.
Unknown command.
Casting: Magic Dart (safe; 1% risk of failure)
Confirm with . or Enter, or press ? or * to list all spells.
Aiming: Magic Dart (safe; 1% risk of failure)
Press: ? - help, Shift-Dir - straight line, f/p - scorpion
Aim: a scorpion (moderately wounded, confused, 100% to hit)
The magic dart hits the scorpion.
The scorpion is heavily wounded.
You feel sick.
Unknown command.
You hit the scorpion.
The scorpion is severely wounded.
You feel sick.
The scorpion is engulfed in noxious fumes.
The scorpion appears confused.
The scorpion stings you.
* * * LOW HITPOINT WARNING * * *
Unknown command.
You feel sick.
The scorpion is engulfed in noxious fumes.
The scorpion appears confused.
An orc comes into view.
It is wielding a +0 flail and wearing a +2 leather armour of fire resistance.
You barely miss the scorpion.
The scorpion is severely wounded.
You feel sick. The scorpion stings you.
* * * LOW HITPOINT WARNING * * *
Unknown command.
You catch the helpless scorpion completely off-guard!
You puncture the scorpion!
You kill the scorpion!
Vehumet accepts your kill.
You feel sick.
You are no longer poisoned.
You closely miss the goblin. The goblin hits you with a +0 club.
You die...

#.#..##..#.#..## ..
#.#.....##.##... #.
#.##...##...##.. #.#
#.##......>..... #..
#.##...##...##.. ####..
#.##....##.##... +#....$
#.##.##[.#.#..##
......○####.##..##.....#
) .....o..g@..###.
##...## ##'#..#####.# .
#...# #. #.# ...... #
#.# ######## #....#
...<.###########
###..#..........
#...........####
#.#..#.##.#.#


You could see an orc and a goblin.

Vanquished Creatures
  Edmund (D:4)
  A phantom (D:5)
  A bullfrog (D:4)
  2 scorpions (D:5)
  A jelly (D:4)
  2 hounds (D:4)
  A bombardier beetle (D:5)
  2 iguanas (D:4)
  An orc wizard (D:3)
  4 adders
  A dart slug (D:4)
  A ribbon worm (D:2)
  4 orcs
  8 ball pythons
  10 endoplasms
  5 giant cockroaches
  7 hobgoblins
  8 kobolds
  4 quokkas
  3 bats
  A frilled lizard (D:1)
  4 goblins
  7 rats
79 creatures vanquished.

Notes
Turn   | Place    | Note
-------+----------+-------------------------------------------
     0 | D:1      | pokeman the Deep Elf Hedge Wizard began the quest for the
                  | Orb.
     0 | D:1      | Reached XP level 1. HP: 10/10 MP: 7/7
   191 | D:1      | Reached XP level 2. HP: 16/16 MP: 2/9
   752 | D:1      | Reached skill level 5 in Spellcasting
  1159 | D:2      | Reached XP level 3. HP: 20/20 MP: 7/11
  1163 | D:2      | Learned a level 3 spell: Mephitic Cloud
  1166 | D:2      | Learned a level 2 spell: Call Imp
  1169 | D:2      | Learned a level 2 spell: Blink
  1363 | D:2      | Reached skill level 1 in Fighting
  1428 | D:2      | Reached skill level 1 in Armour
  1660 | D:2      | Reached XP level 4. HP: 25/25 MP: 6/13
  2639 | D:3      | Reached skill level 6 in Spellcasting
  2749 | D:3      | Reached XP level 5. HP: 29/29 MP: 10/15
  3281 | D:4      | Reached skill level 1 in Air Magic
  3382 | D:4      | Reached skill level 1 in Alchemy
  3382 | D:4      | Reached skill level 1 in Evocations
  3479 | D:4      | Reached XP level 6. HP: 18/34 MP: 0/17
  3799 | D:4      | Reached skill level 7 in Spellcasting
  3984 | D:4      | Noticed Edmund
  4008 | D:4      | Killed Edmund
  4069 | D:5      | Entered Level 5 of the Dungeon
  4144 | D:5      | Reached XP level 7. HP: 28/40 MP: 15/20
  4193 | D:5      | Found a staircase to the Ecumenical Temple.
  4199 | Temple   | Entered the Ecumenical Temple
  4250 | Temple   | Became a worshipper of Vehumet
  4335 | D:5      | Reached skill level 8 in Spellcasting
  4343 | D:5      | Slain by a goblin

Illustrated notes

Levels and vault maps discovered:
D:1:      roderic_octagonal_star, layout_basic, minmay_misc_feat_encased,
          minmay_small_reverse_x
D:2:      layout_basic
D:3:      layout_basic
D:4:      layout_rooms, hex_intersection, hangedman_minor_gate_pass, uniq_edmund
D:5:      corexii_shack_village, layout_loops_ring, minmay_temple_entry_waves,
          serial_shops, shop
Temple:   mainiacjoe_temple_cubbyholes

Skill      XL: |  1  2  3  4  5  6  7 |
---------------+----------------------+-----
Spellcasting   | 5 6 7 8 |  8.3
Fighting       | 1 2 |  2.0
Armour         | 1 |  1.9
Conjurations   | 2 3 4 |  4.2
Dodging        | 3 |  3.0
Air Magic      | 1 |  1.0
Stealth        | 3 |  3.0
Alchemy        | 1 |  1.0
Evocations     | 1 |  1.0
Summonings     | |  1.1
Translocations | |  1.1

Action                     |  1- 3 |  4- 6 |  7- 9 || total
---------------------------+-------+-------+-------++-------
  Melee: Mace              |     7 |       |       ||     7
         Dagger            |       |    36 |     6 ||    42
   Cast: Magic Dart        |    72 |   114 |    13 ||   199
         Mephitic Cloud    |       |     6 |     1 ||     7
         Call Imp          |       |     1 |       ||     1
   Stab: Confused          |       |     3 |     1 ||     4
 Armour: Robe              |    11 |    32 |    10 ||    53
  Dodge: Dodged            |    10 |    42 |     4 ||    56

Table legend: (Time is in decaauts)
 A = Elapsed time spent in this place.
 B = Non-inter-level travel time spent in this place.
 C = Inter-level travel time spent in this place.
 D = Time resting spent in this place.
 E = Time spent auto-exploring this place.
 F = Levels seen in this place.
 G = Mean time per level.
                   A        B        C        D        E       F      G
               +--------+--------+--------+--------+--------+-----+--------+
         Total |   4348 |   4164 |    184 |      0 |   3660 |   6 |  724.7 |
       Dungeon |   4247 |   4161 |     86 |      0 |   3660 |   5 |  849.4 |
        Temple |    100 |      2 |     98 |      0 |      0 |   1 |  100.0 |
               +--------+--------+--------+--------+--------+-----+--------+

Top non-repeatable levels by time:
     D:1: 1162 daAuts
     D:4: 987 daAuts
     D:2: 969 daAuts
     D:3: 954 daAuts
     D:5: 173 daAuts
  Temple: 100 daAuts
